 Dungeon Sprint DCSS version 0.20.0-15-g7f486f2 (webtiles) character file.

443 xgamer67 the Cleaver (level 7, -2/52 HPs)
             Began as a Vine Stalker Berserker on June 23, 2017.
             Was a Believer of Trog.
             Succumbed to Sonja's poison
             ... in the Dungeon (Sprint I: "Red Sonja").
             The game lasted 00:01:28 (284 turns).

xgamer67 the Cleaver (Vine Stalker Berserker)        Turns: 284, Time: 00:01:28

Health: -2/52      AC:  3    Str: 26    XL:     7   Next: 2%
Magic:  2/8        EV: 12    Int:  7    God:    Trog [**....]
Gold:   331        SH:  0    Dex: 14    Spells: 6/6 levels left

rFire    . . .     SeeInvis .   a - +0 hand axe
rCold    . . .     Gourm    .   (no shield)
rNeg     . . .     Faith    .   l - +0 leather armour
rPois    .         Spirit   +   (no helmet)
rElec    .         Reflect  .   (no cloak)
rCorr    .         Harm     .   (no gloves)
MR       ++...     NoTele   +   (no boots)
Stlth    ..........             (no amulet)
Regen    1.6/turn               (no ring)
MPRegen  0.2/turn               (no ring)

@: berserking, lethally poisoned (-2 -> -29), regenerating, slowed
A: fangs 2, regeneration 1, magic shield, antimagic bite, no potion heal 3, rot
immunity
a: Berserk, Trog's Hand, Burn Spellbooks, Renounce Religion


You were in the Dungeon.
You worshipped Trog.
Trog was pleased with you.
You were very hungry.

You visited 1 branch You collected 331 gold pieces.

Inventory:

Hand Weapons
 a - a +0 hand axe (weapon)
Armour
 b - a +0 animal skin
 l - a +0 leather armour (worn)
Wands
 j - a wand of flame (14/48)
Scrolls
 i - a scroll of blinking
Potions
 d - a potion of curing
 e - a potion of heal wounds
 f - a potion of haste
 g - 2 potions of magic
 h - a potion of berserk rage
Comestibles
 c - a bread ration


   Skills:
 + Level 2.6 Fighting
 + Level 13.1 Axes
 - Level 1.5 Armour
 - Level 1.5 Dodging


You had 6 spell levels left.
You didn't know any spells.

Dungeon Overview and Level Annotations

Branches:
Dungeon (1/1)

Altars:
Cheibriados
Dithmenos
Elyvilon
Fedhas
Gozag
Hepliaklqana
Kikubaaqudgha
Nemelex Xobeh
Okawaru
Qazlal
Ru
Sif Muna
Trog
Uskayaw
Vehumet
Yredelemnul
Zin
The Shining One

Shops:
D ?

Annotations:
D Sonja


Innate Abilities, Weirdness & Mutations

You have extremely sharp teeth.
Your natural rate of healing is unusually fast.
When hurt, damage is shared between your health and your magic reserves.
Your bite disrupts and absorbs the magic of your enemies.
Potions cannot restore your health.
You are immune to rotting.


Message History

You are feeling very hungry.
* * * LOW HITPOINT WARNING * * *
You feel very sick. Sonja closely misses you. Sonja barely misses you.
Sonja hits you with an uncursed short sword of venom.
* * * LOW HITPOINT WARNING * * *
You are more poisoned.
Sonja hits you with an uncursed short sword of venom.
* * * LOW HITPOINT WARNING * * *
Sonja hits you with an uncursed short sword of venom.
* * * LOW HITPOINT WARNING * * *
Sonja hits you but does no damage.
You are more poisoned.
You closely miss Sonja. Your bite misses Sonja.
Sonja is moderately wounded.
* * * LOW HITPOINT WARNING * * *
You feel very sick.
Sonja casts a spell.
Sonja blinks!
You die...

################
#<.#..)..#..'..#
#..'..#..').#..+
#..#####'#####'#
#..####..#...#.#
#..#__####..##.#
#..#_____##'#..+
#⌠⌠#_.∩...K..._#
####_..__##_@#+#
#_____###(#
####### #.# $.$
#$.$# ##.## #+#


You could see Sonja.

Vanquished Creatures
  Sigmund (D)
  A yak (D)
  An ogre (D)
  A jelly (D)
  Ijyb (D)
5 creatures vanquished.

Notes
Turn   | Place    | Note
-------+----------+-------------------------------------------
     0 | D        | xgamer67 the Vine Stalker Berserker began the quest for the Orb.
     0 | D        | Reached XP level 1. HP: 11/11 MP: 2/2
     1 | D        | Noticed Ijyb
     6 | D        | Killed Ijyb
     6 | D        | Reached skill level 5 in Axes
     6 | D        | Reached XP level 2. HP: 16/16 MP: 3/3
     6 | D        | Reached XP level 3. HP: 19/19 MP: 4/4
    51 | D        | Noticed an ogre
    57 | D        | Killed an ogre
    57 | D        | Reached skill level 8 in Axes
    57 | D        | Gained mutation: Your natural rate of healing is unusually fast. [Vine Stalker growth]
    57 | D        | Reached XP level 4. HP: 23/23 MP: 5/5
   120 | D        | Noticed Sigmund
   126 | D        | Killed Sigmund
   126 | D        | Reached ** piety under Trog
   126 | D        | Reached skill level 11 in Axes
   126 | D        | Reached XP level 5. HP: 27/27 MP: 6/6
   126 | D        | Reached XP level 6. HP: 32/32 MP: 7/7
   177 | D        | Found a deep blue altar of Sif Muna.
   179 | D        | Found a radiant altar of Vehumet.
   209 | D        | Found Miug's Magic Scroll Emporium.
   209 | D        | Found an ancient bone altar of Kikubaaqudgha.
   209 | D        | Found a hazy altar of Hepliaklqana.
   209 | D        | Found a stormy altar of Qazlal.
   209 | D        | Found a hide-covered altar of Uskayaw.
   209 | D        | Found a blossoming altar of Fedhas.
   209 | D        | Found a bloodstained altar of Trog.
   209 | D        | Found an iron altar of Okawaru.
   209 | D        | Found a basalt altar of Yredelemnul.
   209 | D        | Found a glowing golden altar of the Shining One.
   209 | D        | Found a snail-covered altar of Cheibriados.
   209 | D        | Found a sacrificial altar of Ru.
   209 | D        | Found a glowing silver altar of Zin.
   209 | D        | Found a shadowy altar of Dithmenos.
   209 | D        | Found a white marble altar of Elyvilon.
   209 | D        | Noticed a yak
   210 | D        | Found an opulent altar of Gozag.
   215 | D        | Killed a yak
   215 | D        | Reached skill level 13 in Axes
   215 | D        | Reached XP level 7. HP: 35/35 MP: 8/8
   266 | D        | Found a sparkling altar of Nemelex Xobeh.
   276 | D        | Noticed Sonja
   283 | D        | HP: 1/52 [poisoned by Sonja]
   284 | D        | Succumbed to Sonja's poison

Skill      XL: |  1  2  3  4  5  6 |
---------------+-------------------+-----
Axes           | 5 8 11 13 | 13.1
Fighting       | |  2.6
Armour         | |  1.5
Dodging        | |  1.5

Action                   |  1- 3 |  4- 6 |  7- 9 || total
-------------------------+-------+-------+-------++-------
Melee: Hand axe          |     8 |    10 |     3 ||    21
       Bite              |     3 |     7 |       ||    10
Invok: Berserk           |     2 |     2 |     1 ||     5
       Trog's Hand       |       |       |     1 ||     1
  Eat: Chunk             |       |       |     2 ||     2
Armor: Leather armour    |       |       |     2 ||     2
Dodge: Dodged            |     4 |     4 |     8 ||    16
